 Dungeon Crawl Stone Soup version 0.28.0-53-g5a82cb258f (webtiles) character file.

Game seed: 2557675675568577775

1446 acdeimund the Chiller (level 8, -3/58 HPs)
             Began as a Merfolk Ice Elementalist on July 29, 2022.
             Was a Follower of Dithmenos.
             Slain by a wyvern zombie (11 damage)
             ... on level 6 of the Dungeon.
             The game lasted 00:26:05 (5757 turns).

acdeimund the Chiller (Merfolk Ice Elementalist)    Turns: 5757, Time: 00:26:06

Health: -3/58      AC:  4    Str: 11    XL:     8   Next: 75%
Magic:  15/15      EV: 15    Int: 14    God:    Dithmenos [*.....]
Gold:   254        SH:  0    Dex: 14    Spells: 10/17 levels left

rFire   . . .      SeeInvis .   D - +0 dagger
rCold   . . .      Faith    .   (no shield)
rNeg    . . .      Spirit   .   a - +0 robe
rPois   .          Reflect  .   (no helmet)
rElec   .          Harm     .   (no cloak)
rCorr   .          Rampage  .   k - +1 pair of gloves
Will    .....                   (no boots)
Stlth   ++++......              j - amulet of the acrobat
HPRegen 0.19/turn               (no ring)
MPRegen 0.14/turn               (no ring)

@: wreathed by umbra
A: (nimble swimmer 2), mertail
a: Renounce Religion


You were on level 6 of the Dungeon.
You worshipped Dithmenos.
Dithmenos was aware of your devotion.
You visited 1 branch of the dungeon, and saw 6 of its levels.

You collected 254 gold pieces.

Inventory:

Hand Weapons
 d - a +0 short sword
 g - a +1 spear
 l - a +1 whip of electrocution
 D - a +0 dagger (weapon)
Missiles
 m - 6 boomerangs
 o - 11 poisoned darts
Armour
 a - a +0 robe (worn)
 e - a +0 leather armour
 h - a +0 leather armour
 k - a +1 pair of gloves (worn)
Jewellery
 j - an amulet of the acrobat (around neck)
 s - an amulet of guardian spirit
Wands
 r - a wand of mindburst (7)
Scrolls
 b - a scroll of identify
 c - 2 scrolls of torment {unknown}
 n - a scroll of silence
 u - a scroll of acquirement
 x - a scroll of amnesia
 y - 2 scrolls of holy word {unknown}
 z - 2 scrolls of immolation {unknown}
 A - 5 scrolls of teleportation
Potions
 f - 3 potions of resistance
 i - 3 potions of brilliance
 p - a potion of degeneration {unknown}
 q - 2 potions of flight
 t - a potion of curing {unknown}
 v - a potion of lignification {unknown}
 w - a potion of haste
 B - a potion of magic {unknown}
 C - a potion of heal wounds {unknown}
 E - a potion of invisibility {unknown}


   Skills:
 - Level 3.0 Fighting
 - Level 7.0 Dodging
 + Level 6.5 Stealth
 - Level 5.0 Spellcasting
 - Level 7.0 Ice Magic


You had 10 spell levels left.
You knew the following spells:

 Your Spells              Type           Power      Damage    Failure   Level
a - Freeze                Ice            92%        1d10      1%          1
b - Frozen Ramparts       Ice            46%        1d6       3%          3
c - Ozocubu's Armour      Ice            23%        N/A       3%          3

Your spell library contained the following spells:

 Spells                   Type           Power      Damage    Failure   Level
 Hailstorm                Conj/Ice       13%        3d5       38%         4


Dungeon Overview and Level Annotations

Branches:
Dungeon (6/15)
 Temple: D:4-7

Altars:
Dithmenos
Gozag
Makhleb
Yredelemnul
Zin


Innate Abilities, Weirdness & Mutations

((You are very nimble when in or above water. (Stealth+, EV+, Speed+++)))
Your lower body shifts to a powerful aquatic tail in water.


Message History

There is a stone staircase leading up here.
A wyvern zombie comes into view.
You see here 15 gold pieces.
You now have 254 gold pieces (gained 15).
The wyvern zombie completely misses you.
You hit the wyvern zombie.
The wyvern zombie is lightly damaged.
The wyvern zombie bites you!
Aiming: Freeze (safe; 1% risk of failure)
Press: ? - help, Q - select action, (/) - cycle Shift-Dir - straight line, f - wyvern zombie
Aim: a wyvern zombie (lightly damaged, umbra)
You freeze the wyvern zombie but do no damage.
The wyvern zombie completely resists.
The wyvern zombie completely misses you.
You barely miss the wyvern zombie.
The wyvern zombie is lightly damaged.
The wyvern zombie bites you!
You hit the wyvern zombie.
The wyvern zombie is lightly damaged.
The wyvern zombie closely misses you. The wyvern zombie bites you.
You hit the wyvern zombie.
The wyvern zombie is lightly damaged.
The wyvern zombie completely misses you.
You hit the wyvern zombie.
The wyvern zombie is lightly damaged.
The wyvern zombie bites you.
You hit the wyvern zombie.
The wyvern zombie is moderately damaged.
The wyvern zombie bites you! x2
You barely miss the wyvern zombie.
The wyvern zombie is moderately damaged.
The wyvern zombie bites you!
* * * LOW HITPOINT WARNING * * *
You hit the wyvern zombie.
The wyvern zombie is moderately damaged.
The wyvern zombie barely misses you.
You barely miss the wyvern zombie.
The wyvern zombie is moderately damaged.
The wyvern zombie barely misses you. The wyvern zombie bites you!
You die...

##.....# #..#......##.
.# #.##### #...........
. #.#### #.##.##..#.. #
#.<..# #.......## #
####.########.#...#...
#
##...............######
#.........##.##.......
#.........##..........
#...Z@.......##.......
#......##.......####.#
#......##.##.## #.#
#.####..... .# #.# #
#.##.## # #.. ... #.#
#.# #.. .#


You could see a wyvern zombie.

Vanquished Creatures
  A troll (D:5)
  Sigmund (D:2)
  A black bear (D:4)
  An ogre (D:4)
  3 scorpions
  2 water moccasin skeletons (D:5)
  A centaur zombie (D:5)
  A bullfrog zombie (D:5)
  A jelly (D:5)
  2 orc priests
  A bullfrog skeleton (D:5)
  A hound (D:5)
  Jessica (D:2)
  3 iguanas
  3 orc wizards
  A scorpion zombie (D:4)
  2 hound zombies
  A howler monkey zombie (D:4)
  7 adders
  A shadow imp (D:5)
  An ufetubus (D:4)
  An adder zombie (D:4)
  An adder skeleton (D:4)
  2 dart slugs
  11 orcs
  8 endoplasms
  2 giant cockroaches
  11 goblins
  6 hobgoblins
  6 jackals
  3 kobolds
  A quokka (D:4)
  3 ball pythons (D:1)
  5 bats
  2 frilled lizards (D:2)
  A jackal zombie (D:5)
  4 rats
103 creatures vanquished.

Notes
Turn   | Place    | Note
-------+----------+-------------------------------------------
     0 | D:1      | acdeimund the Merfolk Ice Elementalist began the quest for
                  | the Orb.
     0 | D:1      | Reached XP level 1. HP: 13/13 MP: 3/3
     6 | D:1      | Noticed a swamp worm
     6 | D:1      | Noticed an eight-headed hydra
     7 | D:1      | Noticed a polar bear
    47 | D:1      | Found a faded altar of an unknown god.
   249 | D:1      | Reached XP level 2. HP: 18/19 MP: 1/5
   341 | D:1      | Reached skill level 5 in Ice Magic
   925 | D:2      | Reached XP level 3. HP: 20/24 MP: 2/6
   973 | D:2      | Learned a level 3 spell: Frozen Ramparts
  1042 | D:2      | Noticed Jessica
  1046 | D:2      | Killed Jessica
  1047 | D:2      | Reached XP level 4. HP: 21/30 MP: 4/7
  1510 | D:2      | Noticed Sigmund
  1933 | D:3      | Found a burning altar of Makhleb.
  2073 | D:3      | Found an opulent altar of Gozag.
  2285 | D:3      | Reached XP level 5. HP: 22/35 MP: 4/8
  2630 | D:4      | Noticed an ogre
  2691 | D:4      | Identified a scroll of acquirement
  2777 | D:4      | Found a glowing silver altar of Zin.
  2792 | D:5      | Entered Level 5 of the Dungeon
  2795 | D:5      | Found a shadowy altar of Dithmenos.
  2804 | D:5      | Reached skill level 1 in Fighting
  2807 | D:5      | Became a worshipper of Dithmenos the Shadowed
  2850 | D:5      | Reached XP level 6. HP: 36/47 MP: 9/9
  3182 | D:2      | Killed Sigmund
  3183 | D:2      | Reached skill level 5 in Stealth
  3183 | D:2      | Reached XP level 7. HP: 51/52 MP: 6/10
  3756 | D:4      | Learned a level 3 spell: Ozocubu's Armour
  3844 | D:4      | Reached skill level 5 in Dodging
  4216 | D:4      | Reached * piety under Dithmenos
  4301 | D:4      | Found a basalt altar of Yredelemnul.
  4542 | D:5      | Reached XP level 8. HP: 57/58 MP: 11/11
  4840 | D:5      | Noticed a troll
  4858 | D:5      | Killed a troll
  5573 | D:5      | Reached skill level 5 in Spellcasting
  5757 | D:6      | Slain by a wyvern zombie

Illustrated notes

Levels and vault maps discovered:
D:1:      onia_arrival_zoo_common, layout_basic,
          shapermc_ecumenical_altar_starsandcircs
D:2:      layout_loops_ring, uniq_jessica, uniq_sigmund
D:3:      layout_rooms, grunt_gozag_breadcrumbs, mainiacjoe_overflow_boulevard,
          minmay_bisected
D:4:      layout_basic, nicolae_yredelemnul_corpse_copse, kennysheep_mini_moat,
          minmay_ruptured
D:5:      layout_rooms, nicolae_dithmenos_shadow_blocks, enter_ossuary_3,
          minmay_misc_feat_square, water_maze_lemuel
D:6:      layout_loops_cross, pdpol_wu_jian_five_deadly_venoms,
          minmay_temple_entry_glassed_door, uniq_edmund

Skill      XL: |  1  2  3  4  5  6  7  8 |
---------------+-------------------------+-----
Ice Magic      | 5 6 7 |  7.0
Fighting       | 3 |  3.0
Stealth        | 5 6 |  6.5
Dodging        | 6 7 |  7.0
Spellcasting   | 5 |  5.0

Action                   |  1- 3 |  4- 6 |  7- 9 || total
-------------------------+-------+-------+-------++-------
Melee: Short sword       |     3 |       |       ||     3
       Punch             |     1 |       |     5 ||     6
       Whip              |       |    60 |    63 ||   123
       Dagger            |       |       |    54 ||    54
 Cast: Freeze            |    32 |    41 |    51 ||   124
       Frozen Ramparts   |       |     1 |     5 ||     6
       Ozocubu's Armour  |       |       |     5 ||     5
Evoke: Wand              |       |     6 |       ||     6
  Use: Scroll            |       |    10 |       ||    10
 Stab: Sleeping          |       |     1 |     5 ||     6
       Distracted        |       |       |     1 ||     1
Armor: Robe              |     8 |    22 |    24 ||    54
Dodge: Dodged            |    13 |    60 |   138 ||   211
